 Dungeon Crawl Stone Soup version 0.25.1-2-g60ff931df9 (webtiles) character file.

Game seed: 16357779084996101477

45 Johnny the Digger (level 3, -1/42 HPs)
             Began as a Demigod Earth Elementalist on Oct 8, 2020.
             Slain by an orc warrior
             ... wielding a cursed +0 trident
              (6 damage)
             ... on level 3 of the Dungeon.
             The game lasted 00:02:21 (2374 turns).

Johnny the Digger (Demigod Earth Elementalist)      Turns: 2374, Time: 00:02:21

Health: -1/42      AC: 21    Str: 11    XL:     3   Next: 25%
Magic:  1/9        EV:  2    Int: 21    God:
Gold:   87         SH:  5    Dex: 16    Spells: 5/6 levels left

rFire    + . .     SeeInvis .   a - +1 dagger
rCold    + . .     Gourm    .   j - +1 buckler
rNeg     + + +     Faith    .   (armour currently unavailable)
rPois    +         Spirit   .   (helmet currently unavailable)
rElec    +         Reflect  .   (cloak currently unavailable)
rCorr    +         Harm     .   (gloves currently unavailable)
MR       .....     Rnd*Rage +   (boots currently unavailable) Stlth ++........NoTele +
                                (no amulet)
HPRegen  0.00/turn              (no ring)
MPRegen  0.11/turn              (no ring)

@: tree-form, resistant, hasted, very quick
A: berserk 1, high mp 1, robust 1, inhibited regeneration
a: no special abilities


You were on level 3 of the Dungeon.
You were near starving.
You were a tree.
You visited 1 branch of the dungeon, and saw 3 of its levels.

You collected 87 gold pieces.

Inventory:

Hand Weapons
 a - a +1 dagger (weapon)
Missiles
 b - 65 stones (quivered)
Armour
 c - a +0 robe (melded)
 j - a +1 buckler (worn)
Jewellery
 p - an uncursed ring of ice
Wands
 s - a wand of disintegration (12)
Scrolls
 i - 2 scrolls of remove curse
 k - a scroll of enchant weapon
 n - a scroll of magic mapping
 q - a scroll of noise
Potions
 m - a potion of lignification
Comestibles
 d - 6 rations


   Skills:
 - Level 1.7 Dodging
 - Level 1.7 Stealth
 + Level 0.8 Shields
 + Level 2.2 Spellcasting
   Level 0.8 Transmutations
 * Level 3.6 Earth Magic


You had 5 spell levels left.
You knew the following spells:

 Your Spells              Type           Power        Failure   Level  Hunger
a - Sandblast             Erth           ###...       4%          1    #......

Your spell library contained the following spells:

 Spells                   Type           Power        Failure   Level  Hunger
 Passwall                 Tmut/Erth      ##......     13%         2    ##.....
 Stone Arrow              Conj/Erth      #.....       30%         3    ###....
 Petrify                  Tmut/Erth      ##......     65%         4    #####..
 Lee's Rapid Deconstruct  Erth           ###.......   80%         5    ######.


Dungeon Overview and Level Annotations

Branches:
Dungeon (3/15)


Innate Abilities, Weirdness & Mutations

You have an increased reservoir of magic. (+10% MP)
You tend to lose your temper in combat.
You are robust. (+10% HP)
You do not regenerate when monsters are visible.


Message History

The orc warrior hits you from afar with a cursed +0 trident.
* * * LOW HITPOINT WARNING * * *
The adder bites you but does no damage.
Casting: Sandblast (safe; 4% risk of failure)
Confirm with . or Enter, or press ? or * to list all spells.
Aiming: Sandblast (safe; 4% risk of failure)
Press: ? - help, Shift-Dir - straight line, f/p - orc warrior
Aim: an orc warrior, wielding a +0 trident and wearing a +0 chain mail (moderately wounded)
The blast of sand hits the orc warrior but does no damage.
The orc warrior is moderately wounded.
b - 65 stones The adder barely misses you.
Casting: Sandblast (safe; 4% risk of failure)
Confirm with . or Enter, or press ? or * to list all spells.
You don't have enough magic to cast that spell.
Unknown command.
You cannot move.
You closely miss the adder.
The orc warrior hits you from afar with a cursed +0 trident.
You die...

#.....# #
#####.##.#
#.......#
#.##.####
#.##.#
..##.#
########.#
#..o{oK..#
#♣########
#S# #b#
#.# ..#
###


You could see an orc warrior, an adder, an orc, a bat and a kobold.

Vanquished Creatures
  An adder (D:2)
  An ooze (D:1)
  A leopard gecko (D:1)
  A giant cockroach (D:2)
  3 goblins (D:1)
  3 hobgoblins
  6 jackals
  A quokka (D:2)
  4 bats
  A frilled lizard (D:2)
  5 kobolds
  3 rats
30 creatures vanquished.

Notes
Turn   | Place    | Note
-------+----------+-------------------------------------------
     0 | D:1      | Johnny the Demigod Earth Elementalist began the quest for
                  | the Orb.
     0 | D:1      | Reached XP level 1. HP: 14/14 MP: 5/5
   236 | D:1      | Reached skill level 3 in Earth Magic
   515 | D:1      | Reached XP level 2. HP: 20/20 MP: 7/7
   639 | D:1      | HP: 1/20 [hobgoblin/+0 club (8)]
  1315 | D:2      | Reached XP level 3. HP: 18/26 MP: 5/8
  1909 | D:2      | Found a shimmering blue altar of Sif Muna.
  2016 | D:2      | Found a basalt altar of Yredelemnul.
  2327 | D:3      | Noticed an orc warrior
  2371 | D:3      | Gained mutation: You tend to lose your temper in combat.
                  | [potion of mutation]
  2371 | D:3      | Gained mutation: You do not regenerate when monsters are
                  | visible. [potion of mutation]
  2371 | D:3      | Gained mutation: You are robust. (+10% HP) [potion of
                  | mutation]
  2374 | D:3      | Slain by an orc warrior

Illustrated notes

Levels and vault maps discovered:
D:1:      arrival_zaba_pyramid, layout_basic
D:2:      layout_basic, lemuel_coloured_pillars_altar, old_standard_altar
D:3:      layout_loops_ring, nicolae_overflow_crystal_walls, first_ration

Skill      XL: |  1 |
---------------+----+-----
Earth Magic    | 3 |  3.6
Spellcasting   | 2 |  2.2
Dodging        | |  1.7
Stealth        | |  1.7
Shields        | |  0.8
Transmutations | |  0.8

Action                   || total
-------------------------++-------
Melee: Dagger            ||   104
 Cast: Sandblast         ||    33
  Use: Potion            ||     7
       Scroll            ||     5
 Stab: Sleeping          ||     5
  Eat: Chunk             ||     3
Armor: Robe              ||    28
       Skin              ||     9
Dodge: Dodged            ||    98
Block: Buckler           ||    23
